Get step-by-step instructions on how to execute this build order below. Start the game timer, and the build order will tick by so you can play in parallel with StarCraft on a second screen or mobile device.

Game Time

  0:00

Last Step

  N/A

Next Step

  12  0:01  SCV  

Upcoming Step

  13  0:13  SCV  

Don't want to look back and forth between 2 screens? Try out our Overwolf App, the Spawning Tool Build Advisor to get an in-game overlay with this build!

Complete Build Order

  12  0:01  SCV  
  13  0:13  SCV  
  14  0:20  Supply Depot  
  14  0:26  SCV  
  15  0:42  SCV  
  16  0:43  Barracks  
  16  0:54  SCV  
  16  0:56  Refinery  
  17  1:06  SCV  
  18  1:21  SCV  
  20  1:33  Orbital Command  
  20  1:42  Engineering Bay  
  20  1:45  Supply Depot  
  20  1:48  Reaper  
  20  2:01  SCV  
  21  2:06  Command Center  
  21  2:13  SCV  
  22  2:25  SCV  
  22  2:30  Barracks Reactor  
  22  2:32  Bunker  
  22  2:36  Factory  
  22  2:37  SCV  
  23  2:49  SCV  
  24  2:54  Supply Depot  
  24  3:00  Refinery  
  24  3:01  SCV  
  24  3:13  Supply Depot  
  24  3:15  SCV  
  24  3:18  Orbital Command  
  25  3:22  Starport  
  25  3:26  Hellion x2, Orbital Command  
  29  3:29  SCV  
  30  3:35  Barracks Tech Lab  
  30  3:41  SCV  
  30  3:45  Bunker  
  31  3:50  Hellion x2  
  35  3:56  SCV  
  35  4:00  SCV  
  37  4:03  Supply Depot  
  37  4:07  Barracks Tech Lab  
  37  4:08  SCV  
  41  4:10  Raven  
  41  4:15  SCV  
  41  4:20  Widow Mine x2  
  45  4:25  SCV  
  45  4:27  SCV  
  45  4:30  Supply Depot  
  47  4:38  Marine  
  47  4:39  Stimpack  
  47  4:40  SCV  
  47  4:42  SCV  
  53  4:53  SCV  
  53  4:56  Orbital Command, Marine  
  52  5:03  Barracks x2  
  51  5:07  SCV  
  51  5:08  Factory Reactor  
  52  5:14  Marine  
  52  5:20  Supply Depot  
  52  5:21  SCV  
  54  5:23  Medivac  
  54  5:25  SCV  
  57  5:30  Engineering Bay  
  57  5:32  Marine  
  57  5:33  SCV  
  57  5:35  Supply Depot  
  59  5:37  SCV  
  60  5:45  SCV  
  60  5:49  SCV, Marine  
  62  5:51  Combat Shields  
  62  5:54  Marine x3  
  66  5:58  Supply Depot  
  66  6:00  Supply Depot  
  66  6:01  Terran Infantry Weapons Level 1  
  66  6:06  SCV  
  66  6:07  SCV, Marine  
  66  6:11  Medivac  
  71  6:12  Marine x3  
  71  6:16  Refinery  
  74  6:25  Marine  
  74  6:27  Command Center  
  74  6:30  SCV, Marine x3  
  74  6:31  SCV  
  80  6:35  Medivac  
  82  6:43  SCV  
  82  6:45  Marauder  
  85  6:48  Marine x3  
  85  6:50  Barracks  
  85  6:53  Barracks  
  88  6:55  Supply Depot  
  88  7:04  SCV, Factory Tech Lab  
  88  7:05  SCV, Marine  
  88  7:06  Marine  
  92  7:10  Marauder  
  92  7:12  Concussive Shells  
  94  7:16  Supply Depot, SCV  
  94  7:17  Marauder  
  94  7:19  Supply Depot  
  97  7:23  Medivac, Marine x2  
  101  7:31  Marauder  
  101  7:33  Medivac  
  105  7:38  Marauder  
  105  7:41  Marine x2  
  109  7:46  Barracks Reactor  
  109  7:51  Marauder  
  111  7:52  Marauder  
  111  7:57  Terran Infantry Armor Level 1  
  113  7:59  Marauder, Marine  
  113  8:00  Missile Turret  
  116  8:06  Missile Turret x2, Marine  
  116  8:08  SCV  
  116  8:12  SCV, Marauder  
  121  8:14  Marauder  
  121  8:16  Orbital Command  
  122  8:22  Medivac  
  122  8:26  Marauder  
  122  8:27  Marine  
  126  8:33  Marauder  
  128  8:34  Missile Turret  
  128  8:39  Marine, Marauder  
  128  8:40  Refinery x2  
  128  8:45  SCV  
  129  8:50  SCV x2  
  129  8:51  Marauder, Marine x2  
  129  8:53  Medivac  
  129  8:55  Marauder  
  139  8:57  SCV  
  139  9:01  Missile Turret, Marauder  
  140  9:08  Supply Depot x2  
  140  9:09  Supply Depot  
  135  9:20  Marine x2  
  135  9:23  SCV x2  
  139  9:28  Command Center  
  139  9:30  Sensor Tower  
  139  9:31  Marauder  
  141  9:33  SCV  
  141  9:35  SCV  
  141  9:36  Marauder, Marine  
  146  9:40  Armory  
  146  9:44  Engineering Bay  
  146  9:46  Marine, Marauder  
  146  9:49  SCV  
  146  9:50  SCV  
  151  9:53  Missile Turret  
  151  9:54  SCV  
  151  9:55  Marine x2  
  151  9:59  Marine  
  154  10:00  Missile Turret  
  154  10:04  Marine x2  
  154  10:06  SCV  
  154  10:07  Supply Depot  
  143  10:09  Marauder, Marine  
  143  10:12  Medivac  
  143  10:13  Medivac  
  150  10:15  Marine x2  
  150  10:17  SCV  
  150  10:18  SCV  
  154  10:25  SCV  
  154  10:27  Terran Infantry Armor Level 2  
  155  10:29  Refinery, Marine x2  
  155  10:34  Terran Infantry Weapons Level 2  
  157  10:39  Terran Vehicle Weapons Level 1  
  157  10:41  Planetary Fortress  
  157  10:45  Medivac  
  157  10:46  Marine x3  
  157  10:47  Refinery  
  157  10:48  SCV  
  157  10:49  SCV  
  164  10:52  Refinery  
  164  10:54  Marine, Marauder  
  164  10:55  Marine  
  168  10:57  SCV  
  168  11:00  SCV  
  148  11:05  Sensor Tower, Marauder  
  148  11:06  Marauder  
  148  11:07  Marine  
  148  11:08  Marine  
  148  11:09  SCV  
  137  11:14  Supply Depot  
  137  11:16  Supply Depot, Marauder  
  133  11:21  Marine x2  
  133  11:23  SCV x2  
  135  11:26  Medivac  
  135  11:27  Marauder x2, Medivac  
  135  11:30  SCV x2  
  145  11:37  Marauder  
  147  11:46  Marine  
  147  11:47  Marine  
  148  11:48  Starport x2, Marauder  
  148  11:49  Starport  
  151  11:54  Command Center  
  151  11:59  Marauder x2  
  157  12:09  Medivac x2  
  157  12:10  Marauder  
  157  12:11  Marine  
  162  12:16  Marine  
  162  12:20  Marauder  
  162  12:21  Marauder  
  162  12:31  Marauder  
  162  12:36  Starport Tech Lab x2  
  161  12:37  Marine, Starport Tech Lab  
  161  12:38  Marine x2  
  161  12:42  Marauder x2  
  155  12:48  Terran Infantry Armor Level 3  
  155  12:51  Marine  
  132  12:52  Refinery, Terran Infantry Weapons Level 3, Marauder  
  132  12:53  Refinery  
  132  12:54  Terran Vehicle Weapons Level 2  
  132  12:55  Corvid Reactor  
  129  13:01  SCV, Ghost Academy  
  130  13:06  Planetary Fortress  
  130  13:08  Missile Turret  
  129  13:23  Barracks  
  129  13:24  Barracks  
  129  13:25  Barracks  
  129  13:28  Marine  
  129  13:34  Command Center, Personal Cloaking, Missile Turret  
  132  13:35  Sensor Tower  
  132  13:38  Raven x2  
  135  13:41  Raven  
  135  13:47  Marine  
  128  13:48  Ghost  
  128  13:49  Ghost  
  128  13:51  SCV x2  
  126  13:56  Refinery  
  126  14:00  Refinery  
  126  14:01  Marine, Marauder  
  126  14:03  SCV  
  127  14:13  Barracks Tech Lab x3  
  127  14:17  Marauder  
  127  14:20  Raven  
  127  14:21  Raven  
  133  14:24  Raven  
  133  14:29  Ghost  
  137  14:31  Ghost  
  137  14:36  Ghost  
  139  14:49  Ghost  
  145  14:53  Planetary Fortress  
  145  14:59  Medivac  
  146  15:01  Orbital Command  
  146  15:03  Raven  
  146  15:04  Raven  
  150  15:09  Marauder x2  
  150  15:10  Ghost x2, Marauder  
  150  15:12  Viking  
  160  15:24  Command Center  
  153  15:33  Raven  
  153  15:34  Ghost x2  
  154  15:40  Ghost  
  154  15:42  Ghost  
  158  15:43  Marine x2  
  158  15:44  Marine x4  
  158  15:46  Raven x2  
  168  16:02  Marauder x2  
  168  16:04  Marauder  
  174  16:07  Ghost  
  174  16:08  Command Center  
  174  16:09  Sensor Tower  
  176  16:13  Missile Turret  
  176  16:15  SCV  
  176  16:16  Raven  
  179  16:25  Command Center  
  179  16:27  SCV  
  179  16:29  Raven  
  173  16:33  Supply Depot  
  173  16:35  Supply Depot  
  173  16:39  SCV  
  169  16:41  Raven  
  171  16:52  SCV  
  172  16:56  Fusion Core  
  172  16:58  Starport  
  172  16:59  Starport, Raven  
  174  17:01  Refinery x2  
  174  17:04  SCV  
  175  17:12  Raven  
  177  17:16  SCV  
  172  17:28  SCV  
  175  17:30  Command Center  
  175  17:31  Command Center, Orbital Command  
  175  17:40  SCV  
  174  17:46  Starport Tech Lab  
  174  17:47  Starport Tech Lab